 Dungeon Crawl Stone Soup version 0.29.1-15-g9cfb28693d (webtiles) character file.

Game seed: 16016938420078141060

5625 Jase the Basher (level 11, 0/79 HPs)
             Began as a Formicid Fighter on Mar 18, 2023.
             Was a Priest of Wu Jian.
             Slain by a centaur warrior
             ... wielding a +4 triple sword of holy wrath
              (19 damage)
             ... on level 9 of the Dungeon.
             The game lasted 00:32:20 (8530 turns).

Jase the Basher (Formicid Fighter)                  Turns: 8530, Time: 00:32:21

Health: 0/79       AC: 15    Str: 26    XL:     11   Next: 3%
Magic:  20/20      EV:  7    Int:  7    God:    Wu Jian [***...]
Gold:   354        SH:  8    Dex: 13    Spells: 10/10 levels left

rFire   + . .      SeeInvis +   a - +5 hammer of Ewkujest {vorpal, rCorr MP+9}
rCold   + . .      Faith    .   c - +1 buckler
rNeg    . . .      Spirit   .   C - +0 plate armour
rPois   .          Reflect  .   (helmet unavailable)
rElec   .          Harm     .   (no cloak)
rCorr   +          Rampage  .   f - +0 pair of gloves
Will    +....                   (no boots)
Stlth   ..........              H - amulet of regeneration
HPRegen 1.03/turn               i - ring of protection from fire
MPRegen 0.17/turn               A - ring of protection from cold

@: invisible
A: permanent stasis, dig shafts and tunnels, antennae 3, four strong arms
a: Dig, Shaft Self, Renounce Religion, Wall Jump, Serpent's Lash


You were on level 9 of the Dungeon.
You worshipped Wu Jian.
Wu Jian was most pleased with you.
You visited 1 branch of the dungeon, and saw 9 of its levels.
You also visited: Sewer.

You collected 559 gold pieces.
You spent 205 gold pieces at shops.

Inventory:

Hand Weapons
 a - the +5 hammer of Ewkujest (weapon) {vorpal, rCorr MP+9}
   (You found it on level 2 of the Dungeon)

   It inflicts extra damage upon your enemies.
   MP:        It affects your magic capacity (+9).
   rCorr:     It protects you from acid and corrosion.
 F - a +0 morningstar
Missiles
 b - 26 poisoned darts (quivered)
 k - 3 datura-tipped darts
 n - 114 stones
Armour
 c - a +1 buckler (worn)
 f - a +0 pair of gloves (worn)
 t - a +2 leather armour of cold resistance
 C - a +0 plate armour (worn)
Jewellery
 i - a ring of protection from fire (left hand)
 m - a ring of resist corrosion
 A - a ring of protection from cold (right hand)
 E - a ring of fire
 H - an amulet of regeneration (around neck)
Wands
 l - a wand of mindburst (22)
 u - a wand of quicksilver (13)
 B - a wand of flame (25)
 G - a wand of iceblast (12)
Scrolls
 d - a scroll of fear
 j - 3 scrolls of vulnerability
 o - 2 scrolls of amnesia
 v - 2 scrolls of fog
 y - a scroll of summoning
Potions
 e - 5 potions of haste
 g - 5 potions of mutation
 h - 5 potions of brilliance
 p - a potion of invisibility
 q - 6 potions of lignification
 r - 6 potions of curing
 s - a potion of magic
 w - 5 potions of flight
 x - 2 potions of resistance
 z - 2 potions of attraction
 D - a potion of might
 I - 2 potions of heal wounds


   Skills:
 - Level 5.0 Fighting
 * Level 11.4 Maces & Flails
 + Level 8.1 Armour
 + Level 11.1 Shields


You had 10 spell levels left.
You didn't know any spells.
Your spell library contained the following spells:

 Spells                   Type           Power      Damage    Failure   Level
 Apportation              Tloc           0%         N/A       99%         1
 Necrotise                Necr           0%         1d4       99%         1
 Summon Small Mammal      Summ           0%         N/A       99%         1
 Gell's Gravitas          Tloc           0%         N/A       100%        3
 Lesser Beckoning         Tloc           0%         N/A       100%        3
 Teleport Other           Tloc           0%         N/A       100%        3
 Petrify                  Tmut/Erth      0%         N/A       100%        4
 Metabolic Englaciation   Hex/Ice        0%         N/A       100%        5
 Statue Form              Tmut/Erth      0%         N/A       100%        6


Dungeon Overview and Level Annotations

Branches:
Dungeon (9/15)             Temple (0/1) D:5           Sewer (visited)
   Lair: D:8-11         Orc: D:9-12

Altars:
Hepliaklqana
Okawaru
Qazlal
Vehumet
Wu Jian
Zin

Shops:
D:3 !   D:7 *   D:8 *

Annotations:
D:2 1 runed translucent door, Crazy Yiuf
D:4 17 exclusions
D:5 3 runed translucent doors, BuddhaDhamma's ghost, novice MiBe


Innate Abilities, Weirdness & Mutations

You cannot be hasted, slowed, berserked, paralysed or teleported.
You can dig through walls and to a lower floor.
You have a pair of large antennae on your head. (SInv)
Your four strong arms can wield two-handed weapons with a shield.


Message History

The orc wizard gestures at you while chanting.
The orc warrior appears confused.
The centaur warrior shoots an arrow.
The arrow hits the orc warrior!!
You hear an angry buzzing noise.
You sock the tengu warrior!
You kill the tengu warrior!
The Council accepts your kill.
The orc wizard dissolves into shadows!
The orc priest dissolves into shadows!
The orc warrior dissolves into shadows!
The orc dissolves into shadows!
The orc priest dissolves into shadows!
The killer bee dissolves into shadows! x2
Your Armour skill increases to level 8!
Your Shields skill increases to level 11!
You have reached level 11!
Items here: ) [ †††.
The centaur warrior shoots an arrow.
You block the arrow.
The centaur warrior shoots an arrow.
The arrow hits you!
You lunge at the centaur warrior.
You hit the centaur warrior.
The centaur warrior is moderately wounded.
The centaur warrior unwields a +0 longbow.
The centaur warrior wields a +4 triple sword of holy wrath.
It softly glows with a divine radiance!
The centaur warrior closely misses you. The centaur warrior kicks you.
The centaur warrior hits you with a +4 triple sword of holy wrath!
The centaur warrior kicks you but does no damage.
You sock the centaur warrior!
The centaur warrior is heavily wounded.
The centaur warrior hits you with a +4 triple sword of holy wrath!
The centaur warrior kicks you.
You hit the centaur warrior.
The centaur warrior is heavily wounded.
The centaur warrior hits you with a +4 triple sword of holy wrath.
* * * LOW HITPOINT WARNING * * *
The centaur warrior kicks you but does no damage.
You hit the centaur warrior.
The centaur warrior is heavily wounded.
The centaur warrior hits you with a +4 triple sword of holy wrath.
* * * LOW HITPOINT WARNING * * *
The centaur warrior barely misses you.
The centaur warrior hits you with a +4 triple sword of holy wrath!!
You die...

.....#.###########. #...#..
.....#.#........... ###.....
.....#.#.......:... ###...####
.....#............. ###...###
#.........########## #...#.#
#.......#....###...###.###...
#......[####..).†......##...##
#.......# #####.#........###
#.......# #####@#..#...###
#.......# #....c|?........
######### #.#......#...###
#.####.#.[... #. #.....#.. #.
#........ # .#....# .#..... ##
....


You could see a centaur warrior (unable to see you).

Vanquished Creatures
  A tengu warrior (D:9)
  A troll (D:9)
  A hornet (D:7)
  Sigmund (D:3)
  3 wyverns
  4 yaks
  Eustachio (D:6)
  A water moccasin (D:7)
  A black bear (D:7)
  2 orc warriors
  2 sky beasts
  A centaur (D:5)
  3 ogres
  A phantom (D:5)
  3 kobold brigands
  7 bullfrogs
  3 necrophages
  3 scorpions
  A wight (D:8)
  8 killer bees
  3 howler monkeys
  5 hounds
  6 orc priests
  A jelly (D:5)
  5 iguanas
  10 orc wizards
  3 gnolls (D:4)
  9 adders
  2 river rats (Sewer)
  A white imp (D:8)
  An ufetubus (D:6)
  4 worms
  A dart slug (D:3)
  22 orcs
  13 ball pythons
  2 bats
  6 endoplasms
  5 giant cockroaches
  4 goblins
  5 hobgoblins
  2 jackals (D:1)
  3 quokkas
  3 frilled lizards
  17 kobolds
  6 rats
187 creatures vanquished.

Vanquished Creatures (others)
  2 fungi (D:5)
  2 plants (D:5)
4 creatures vanquished.

Grand Total: 191 creatures vanquished

Notes
Turn   | Place    | Note
-------+----------+-------------------------------------------
     0 | D:1      | Jase the Formicid Fighter began the quest for the Orb.
     0 | D:1      | Reached XP level 1. HP: 18/18 MP: 1/1
   209 | D:1      | Reached XP level 2. HP: 24/24 MP: 2/2
   501 | D:1      | Reached XP level 3. HP: 20/29 MP: 3/3
  1653 | D:2      | Identified the +5 hammer of Ewkujest {vorpal, rCorr MP+9}
  1657 | D:2      | Found a runed translucent door.
  1658 | D:2      | Noticed Crazy Yiuf
  1802 | D:3      | Noticed Sigmund
  2030 | D:3      | Reached XP level 4. HP: 34/37 MP: 4/4
  2081 | D:3      | Killed Sigmund
  2082 | D:3      | Reached skill level 5 in Shields
  2082 | D:3      | Reached XP level 5. HP: 10/43 MP: 5/5
  2082 | D:3      | Reached XP level 6. HP: 11/49 MP: 6/6
  2475 | D:3      | Found a hazy altar of Hepliaklqana.
  2624 | D:3      | Found Qadwulin's Distillery.
  2638 | D:3      | Bought a potion of attraction for 39 gold pieces
  2638 | D:3      | Bought a potion of lignification for 39 gold pieces
  2638 | D:3      | Bought a potion of curing for 39 gold pieces
  2732 | D:3      | Found an ornate altar of the Wu Jian Council.
  2746 | D:3      | Became a worshipper of the Wu Jian Council
  3154 | D:4      | Reached XP level 7. HP: 28/55 MP: 7/7
  3275 | D:4      | Found a glowing drain.
  3283 | Sewer    | Entered a sewer
  3369 | Sewer    | Reached * piety under Wu Jian
  3468 | Sewer    | Reached skill level 5 in Maces & Flails
  3838 | D:4      | Reached skill level 5 in Fighting
  4034 | D:4      | Reached skill level 5 in Armour
  4133 | D:5      | Entered Level 5 of the Dungeon
  4150 | D:5      | Reached XP level 8. HP: 62/62 MP: 8/8
  4216 | D:5      | Found a runed translucent gate.
  4216 | D:5      | Found a runed translucent gate.
  4216 | D:5      | Found a runed translucent gate.
  4217 | D:5      | Noticed BuddhaDhamma's ghost (novice MiBe)
  4663 | D:5      | Found a staircase to the Ecumenical Temple.
  4831 | D:6      | Noticed Eustachio
  4840 | D:6      | Killed Eustachio
  5243 | D:6      | Reached XP level 9. HP: 42/68 MP: 9/9
  5517 | D:6      | Found an iron altar of Okawaru.
  5517 | D:6      | Found a glowing silver altar of Zin.
  5759 | D:6      | Reached ** piety under Wu Jian
  6158 | D:7      | Found a radiant altar of Vehumet.
  6390 | D:7      | Found a stormy altar of Qazlal.
  6410 | D:7      | Noticed a hornet
  6423 | D:7      | Killed a hornet
  6424 | D:7      | Reached XP level 10. HP: 62/74 MP: 10/10
  6833 | D:7      | Found Dotziaro's General Store.
  6839 | D:7      | Bought a potion of flight for 36 gold pieces
  6930 | D:7      | Reached skill level 10 in Maces & Flails
  7093 | D:7      | Reached skill level 10 in Shields
  7818 | D:8      | Reached *** piety under Wu Jian
  8101 | D:8      | Found Zecs's Fire Supplies.
  8118 | D:8      | Bought a scroll of immolation for 52 gold pieces
  8343 | D:9      | Noticed an unseen horror
  8510 | D:9      | Noticed a tengu warrior
  8515 | D:9      | Noticed a centaur warrior
  8523 | D:9      | Killed a tengu warrior
  8524 | D:9      | Reached XP level 11. HP: 53/79 MP: 11/11
  8530 | D:9      | Slain by a centaur warrior

Illustrated notes

Levels and vault maps discovered:
D:1:      dpeg_arrival_long_road, layout_basic
D:2:      layout_basic, minivault_27, uniq_crazy_yiuf_cottage
D:3:      layout_rooms, nzn_hepliaklqana_mist_gate,
          nicolae_wu_jian_immortal_techniques, serial_shops, shop_statue,
          grunt_decor_clamped, uniq_sigmund
D:4:      layout_layer_cave, portal_sewer_entry_e
D:5:      layout_basic, temple_hall, gammafunk_ghost_nasty_kobolds, minivault_5
D:6:      minmay_chambers_of_threes, layout_rooms, jmf_multi_god_temple,
          uniq_eustachio
D:7:      layout_rooms, mainiacjoe_overflow_catwalk_spiral, serial_shops, shop
D:8:      layout_cave_pools, nicolae_shop_fire_sale [nicolae_sub_dead_trees],
          dk_vineyard_1
D:9:      minmay_the_grid_triangle_9x9_recursive_2_mashed
          [minmay_the_grid_triangle_9x9_prize_schism,
          minmay_the_grid_triangle_9x9_tough_junction,
          minmay_the_grid_triangle_9x9_fully_insulated_deathbox,
          minmay_the_grid_triangle_9x9_stretched_checkered], layout_basic,
          xom_redecorated, orc_0_dummy

Skill      XL: |  1  2  3  4  5  6  7  8  9 10 |
---------------+-------------------------------+-----
Maces & Flails | 3 4 5 7 9 11 | 11.4
Fighting       | 4 5 |  5.0
Armour         | 4 5 6 8 |  8.1
Shields        | 5 6 8 9 11 | 11.1

Action                   |  1- 3 |  4- 6 |  7- 9 | 10-12 || total
-------------------------+-------+-------+-------+-------++-------
Melee: Flail             |    55 |       |       |       ||    55
       Mace              |     6 |    65 |   260 |   195 ||   526
Throw: Dart              |       |       |       |     2 ||     2
Invok: Lunge             |       |     2 |    33 |    19 ||    54
       Whirlwind         |       |       |    23 |    32 ||    55
 Abil: Dig               |       |       |     1 |       ||     1
       Wall Jump         |       |       |     2 |     6 ||     8
Evoke: Wand              |       |       |       |     4 ||     4
  Use: Potion            |       |     1 |       |     1 ||     2
       Scroll            |       |     9 |     6 |     6 ||    21
Armor: Scale mail        |    23 |    13 |    40 |       ||    76
       Plate armour      |       |       |    75 |    69 ||   144
Dodge: Dodged            |    22 |    20 |    83 |    28 ||   153
Block: Buckler           |    12 |    12 |    74 |    47 ||   145
